 Dungeon Crawl Stone Soup version 0.28.0-45-g0d030f2227 (webtiles) character file.

Game seed: 11206709486252889404

2046 MisterFreud the Insei (level 9, -4/85 HPs)
             Began as a Grey Draconian Transmuter on May 27, 2022.
             Was an Elder of Cheibriados.
             Slain by a killer bee (8 damage)
             ... on level 5 of the Dungeon.
             The game lasted 00:09:05 (5941 turns).

MisterFreud the Insei (Grey Draconian Transmuter)   Turns: 5941, Time: 00:09:05

Health: -4/85      AC:  6    Str: 21    XL:     9   Next: 4%
Magic:  19/22      EV: 14    Int: 26    God:    Cheibriados [****..]
Gold:   249        SH:  0    Dex: 22    Spells: 4/14 levels left

rFire   x . .      SeeInvis .     - Unarmed
rCold   + + +      Faith    .   (shield currently unavailable)
rNeg    . . .      Spirit   .   (armour unavailable)
rPois   +          Reflect  .   (helmet currently unavailable)
rElec   .          Harm     .   (cloak currently unavailable)
rCorr   .          Rampage  .   (gloves currently unavailable)
Will    .....                   (boots currently unavailable)
Stlth   ++........              (no amulet)
HPRegen 0.24/turn               a - ring of magical power
MPRegen 0.18/turn               h - ring of wizardry

@: lethally poisoned (-4 -> -13), ice-form, very slow
A: freezing attack, boosted hp, AC +12, amphibious, large, unfitting armour,
(cold-blooded), (antennae 1), (fangs 1)
a: End Transformation, Renounce Religion, Bend Time, Temporal Distortion, Slouch


You were on level 5 of the Dungeon.
You worshipped Cheibriados.
Cheibriados was greatly pleased with you.
You were a creature of crystalline ice.
You visited 1 branch of the dungeon, and saw 6 of its levels.

You collected 249 gold pieces.

Inventory:

Missiles
 b - 5 boomerangs
 e - 6 poisoned darts
Armour
 d - a +0 cloak (melded)
Jewellery
 a - a ring of magical power (left front paw)
 h - a ring of wizardry (right front paw)
 n - a ring of flight
Wands
 k - a wand of flame (19)
 q - a wand of iceblast (13)
Scrolls
 c - a scroll of fear
 l - a scroll of blinking {unknown}
 o - 2 scrolls of fog {unknown}
Potions
 f - 2 potions of heal wounds
 g - 3 potions of haste {unknown}
 i - 2 potions of degeneration {unknown}
 j - a potion of invisibility {unknown}
 m - 2 potions of curing
 p - a potion of ambrosia {unknown}


   Skills:
 - Level 4.0 Fighting
 - Level 6.0 Dodging
 - Level 6.0 Unarmed Combat
 - Level 3.0 Spellcasting
 - Level 5.0 Transmutations
 - Level 5.0 Invocations
 + Level 2.9 Evocations


You had 4 spell levels left.
You knew the following spells:

 Your Spells              Type           Power      Damage    Failure   Level
a - Beastly Appendage     Tmut           58%        N/A       1%          1
b - Wereblood             Tmut           29%        N/A       1%          2
c - Spider Form           Tmut/Pois      16%        N/A       4%          3
d - Ice Form              Ice/Tmut       16%        N/A       13%         4

Your spell library contained the following spells:

 Spells                   Type           Power      Damage    Failure   Level
 Corpse Rot               Necr/Air       6%         N/A       6%          2
 Poisonous Vapours        Pois/Air       6%         N/A       6%          2


Dungeon Overview and Level Annotations

Branches:
Dungeon (6/15)
 Temple: D:4-7

Altars:
Cheibriados
Elyvilon
Okawaru
Ru


Innate Abilities, Weirdness & Mutations

You are a creature of crystalline ice.
You have a powerful freezing melee attack.
Your maximum health is increased.
Your armour is entirely melded.
You are incapable of wielding weapons or throwing items.
((Your dull iron-grey scales are very hard. (AC +12)))
You are amphibious.
You cannot fit into any form of body armour.
((You are cold-blooded and may be slowed by cold attacks.))
((You have a pair of small antennae on your head.))
((You have very sharp teeth.))


Message History

You hit the killer bee. You freeze the killer bee.
The killer bee is moderately wounded.
You feel sick. The killer bee stings you! The killer bee completely misses you.
The killer bee stings you but does no damage.
The killer bee stings you! The killer bee stings you.
The killer bee stings you but does no damage.
You feel sick. The killer bee closely misses you. The killer bee stings you!
You are more poisoned.
The killer bee poisons you! The killer bee completely misses you.
The killer bee barely misses you.
The killer bee stings you but does no damage.
The killer bee stings you.
You climb upwards.
You feel very sick.
There is a stone staircase leading down here.
You are too injured to fight recklessly!
You are too injured to fight recklessly!
You closely miss the killer bee.
You feel sick. The killer bee stings you. x2
Unknown command.
You pummel the killer bee!! You freeze the killer bee!
You kill the killer bee!
Cheibriados thoroughly appreciates the change of pace.
You feel sick. The killer bee stings you.
You are more poisoned.
The killer bee poisons you!
Unknown command.
You closely miss the killer bee.
You feel sick. The killer bee barely misses you. The killer bee stings you.
* * * LOW HITPOINT WARNING * * *
The killer bee stings you but does no damage.
The killer bee stings you!
* * * LOW HITPOINT WARNING * * *
Unknown command.
You hit the killer bee. You freeze the killer bee.
The killer bee is heavily wounded.
You feel sick. The killer bee stings you!
* * * LOW HITPOINT WARNING * * *
The killer bee misses you. The killer bee barely misses you.
The killer bee stings you!
You die...

....#
#...##.####.#
....#
##..##......#
....# #..#########
....# #..# #####
#####..##
##########.....).#
#..#(.((.#...#...#
#..#...(.#.....yy#
#..'.(...#.....#Y#
...'....(#...#.###
...'..♣..#####.#
...#(...8#.....#
...#.....####..#
...##########..#
.##........##..#
.##........##..##
.##........'....#


You could see 2 killer bees.

Vanquished Creatures
  The ghost of Seraphu the Covert, a novice SpBr of Dithmenos (D:5)
  Prince Ribbit (D:5)
  Sigmund (D:4)
  Edmund (D:4)
  A water moccasin (D:6)
  An ogre (D:3)
  3 phantoms
  3 scorpions
  A killer bee (D:5)
  3 howler monkeys
  A bullfrog skeleton (D:5)
  2 gnoll shamans (D:3)
  An orc wizard (D:3)
  18 gnolls (D:3)
  9 adders
  2 worms
  4 dart slugs
  28 orcs
  7 ball pythons
  6 bats
  5 endoplasms
  3 giant cockroaches
  8 goblins
  3 hobgoblins
  13 jackals
  6 kobolds
  2 quokkas
  3 frilled lizards
  2 rats
139 creatures vanquished.

Vanquished Creatures (others)
  24 plants
24 creatures vanquished.

Grand Total: 163 creatures vanquished

Notes
Turn   | Place    | Note
-------+----------+-------------------------------------------
     0 | D:1      | MisterFreud the Draconian Transmuter began the quest for
                  | the Orb.
     0 | D:1      | Reached XP level 1. HP: 16/16 MP: 3/3
   368 | D:1      | Reached XP level 2. HP: 23/23 MP: 5/5
   896 | D:1      | Reached XP level 3. HP: 25/29 MP: 4/6
  1593 | D:2      | Reached XP level 4. HP: 33/36 MP: 7/7
  1597 | D:2      | Learned a level 2 spell: Wereblood
  1601 | D:2      | Learned a level 3 spell: Spider Form
  1802 | D:2      | Found a faded altar of an unknown god.
  1819 | D:2      | Prayed at the altar of an unknown god.
  1819 | D:2      | Became a worshipper of Cheibriados the Contemplative
  1819 | D:2      | Reached * piety under Cheibriados
  2497 | D:3      | Reached XP level 5. HP: 38/41 MP: 9/9
  2513 | D:3      | Reached ** piety under Cheibriados
  2813 | D:3      | Reached skill level 5 in Transmutations
  2813 | D:3      | Reached XP level 6. HP: 48/48 MP: 10/10
  2818 | D:3      | Learned a level 4 spell: Ice Form
  2994 | D:3      | HP: 2/51 [gnoll/+0 spear (4)]
  3003 | D:3      | Gained mutation: You have very sharp teeth. [potion of
                  | mutation]
  3003 | D:3      | Gained mutation: You have a pair of small antennae on your
                  | head. [potion of mutation]
  3257 | D:3      | Reached *** piety under Cheibriados
  3258 | D:3      | Your scales start taking on a dull iron-grey colour.
  3258 | D:3      | Reached XP level 7. HP: 28/58 MP: 11/11
  3782 | D:3      | Reached skill level 5 in Unarmed Combat
  4589 | D:4      | Found a white marble altar of Elyvilon.
  4982 | D:4      | Found an iron altar of Okawaru.
  5024 | D:4      | Noticed Sigmund
  5032 | D:4      | Killed Sigmund
  5078 | D:4      | Noticed Edmund
  5088 | D:4      | Killed Edmund
  5089 | D:4      | Reached XP level 8. HP: 66/66 MP: 12/12
  5197 | D:5      | Entered Level 5 of the Dungeon
  5236 | D:5      | Reached skill level 5 in Dodging
  5291 | D:5      | Reached **** piety under Cheibriados
  5315 | D:5      | Noticed Prince Ribbit
  5326 | D:5      | Killed Prince Ribbit
  5487 | D:5      | Reached skill level 1 in Invocations
  5514 | D:5      | Found a sacrificial altar of Ru.
  5552 | D:5      | Found a runed translucent gate.
  5758 | D:5      | Noticed Seraphu's ghost (novice SpBr)
  5759 | D:5      | Found a runed translucent gate.
  5759 | D:5      | Found a runed translucent gate.
  5824 | D:5      | Killed Seraphu's ghost
  5825 | D:5      | Reached skill level 5 in Invocations
  5825 | D:5      | Reached skill level 1 in Evocations
  5886 | D:6      | Reached XP level 9. HP: 71/71 MP: 13/13
  5941 | D:5      | HP: 4/85 [killer bee (8)]
  5941 | D:5      | Slain by a killer bee

Illustrated notes

Levels and vault maps discovered:
D:1:      lemuel_arrival_hallway, layout_loops_cross, minmay_heptomino_w4
D:2:      layout_loops_ring, serial_bayou, serial_bayou_ford_a,
          serial_bayou_crossing, serial_bayou_lagoon_b, serial_bayou_lake_a,
          serial_bayou_shore_b, dreamdust_ecumenical_altar_angels_and_demons,
          minmay_misc_feat_ornament
D:3:      lemuel_castle_with_subvaults [lemuel_castle_interior_original],
          layout_rooms
D:4:      layout_loops_cross, mainiacjoe_overflow_swirl,
          sigmund_edmund_badplayer
D:5:      layout_basic, kennysheep_mini, ebering_ghost_rock_garden,
          dk_vineyard_2, uniq_prince_ribbit1
D:6:      layout_gridville, nzn_overflow_gifts_of_might_and_magic, uniq_grinder,
          uniq_sigmund

Skill      XL: |  1  2  3  4  5  6  7  8 |
---------------+-------------------------+-----
Dodging        | 2 4 6 |  6.0
Fighting       | 2 3 4 |  4.0
Transmutations | 3 4 5 |  5.0
Spellcasting   | 3 |  3.0
Unarmed Combat | 4 6 |  6.0
Invocations    | 5 |  5.0
Evocations     | 2 |  2.9

Action                   |  1- 3 |  4- 6 |  7- 9 || total
-------------------------+-------+-------+-------++-------
Melee: Unarmed           |   108 |   177 |   136 ||   421
       Kick              |    11 |     4 |       ||    15
       Headbutt          |     6 |     2 |       ||     8
       Punch             |     2 |     3 |     1 ||     6
       Tailslap          |     5 |     6 |     9 ||    20
       Bite              |       |     1 |     4 ||     5
 Cast: Beastly Appendage |    19 |     3 |       ||    22
       Spider Form       |       |    18 |     8 ||    26
       Ice Form          |       |     1 |    11 ||    12
  Use: Scroll            |       |     4 |       ||     4
       Potion            |       |     3 |       ||     3
 Stab: Sleeping          |     1 |       |     4 ||     5
Armor: Skin              |    51 |    15 |    31 ||    97
Dodge: Dodged            |    71 |   175 |    82 ||   328
